 Dungeon Crawl Stone Soup version 0.26.1-12-g5ba1501909 (webtiles) character file.

Game seed: 4722614998978147061

1691 worthlessgem the Chopper (level 9, 66/79 HPs)
             Began as a Gnoll Chaos Knight on Oct 4, 2021.
             Was a Plaything of Xom.
             Quit the game on level 7 of the Dungeon on Oct 5, 2021.
             The game lasted 00:26:46 (6101 turns).

worthlessgem the Chopper (Gnoll Chaos Knight)       Turns: 6101, Time: 00:26:47

Health: 66/79      AC:  9    Str: 16    XL:     9   Next: 2%
Magic:  10/14      EV: 17    Int: 16    God:    Xom [*.....]
Gold:   332        SH:  6    Dex: 18    Spells: 14/15 levels left

rFire    . . .     SeeInvis +   b - +2 spear (venom)
rCold    . . .     Faith    .   p - +1 buckler
rNeg     . . .     Spirit   +   v - +3 robe of Indemnity {Dex+3 SInv}
rPois    +         Reflect  .   (helmet restricted)
rElec    .         Harm     .   (no cloak)
rCorr    .         Rampage  .   (no gloves)
Will     .....     Clarity  +   (no boots)
Stlth    +++.......             C - amulet of guardian spirit
HPRegen  0.23/turn              (no ring)
MPRegen  0.14/turn              (no ring)

@: no status effects
A: distributed training, fangs 1, hooves 1, horns 2, repulsion field 1, icy blue
scales 1, slimy green scales 1, see invisible, clarity, mutation resistance 1,
poison resistance, robust 1, strong nose
a: Renounce Religion


You were on level 7 of the Dungeon.
You worshipped Xom.
You were a special plaything of Xom.
You visited 1 branch of the dungeon, and saw 8 of its levels.

You collected 332 gold pieces.

Inventory:

Hand Weapons
 a - a +1 vorpal hand axe
 b - a +2 spear of venom (weapon)
 e - a +2 short sword of electrocution
 q - a +0 hand axe of chaos
Missiles
 k - 44 bolts
 y - 11 poisoned darts (quivered)
 z - 2 atropa-tipped darts
Armour
 l - a +2 leather armour
 p - a +1 buckler (worn)
 v - the +3 robe of Indemnity (worn) {Dex+3 SInv}
   (You found it on level 6 of the Dungeon)

   It affects your dexterity (+3).
   It lets you see invisible.
 E - a +2 kite shield
Jewellery
 f - an uncursed ring of stealth
 j - an uncursed ring of flight
 s - an uncursed ring of positive energy
 x - an uncursed ring of stealth
 C - an amulet of guardian spirit (around neck)
Scrolls
 c - 8 scrolls of identify
 d - a scroll of blinking
 i - a scroll of fear
 r - 2 scrolls of teleportation
 u - 2 scrolls of remove curse
Potions
 n - 2 potions of mutation
 o - a potion of heal wounds
 A - a potion of curing
 B - a potion of berserk rage


   Skills:
 + Level 7.6 Fighting
 + Level 3.8 Short Blades
 + Level 3.8 Long Blades
 + Level 7.6 Axes
 + Level 3.8 Maces & Flails
 + Level 3.8 Polearms
 + Level 3.8 Staves
 + Level 3.8 Slings
 + Level 3.8 Bows
 + Level 3.8 Crossbows
 + Level 3.8 Throwing
 + Level 6.0 Armour
 + Level 4.6 Dodging
 + Level 3.8 Stealth
 + Level 3.8 Shields
 + Level 3.8 Unarmed Combat
 + Level 3.8 Spellcasting
 + Level 3.1 Conjurations
 + Level 3.1 Hexes
 + Level 3.1 Summonings
 + Level 3.1 Necromancy
 + Level 3.1 Translocations
 + Level 3.1 Transmutations
 + Level 3.1 Fire Magic
 + Level 3.1 Ice Magic
 + Level 3.1 Air Magic
 + Level 3.1 Earth Magic
 + Level 3.1 Poison Magic
 + Level 4.1 Invocations
 + Level 3.8 Evocations


You had 14 spell levels left.
You knew the following spells:

 Your Spells              Type           Power        Failure   Level
a - Foxfire               Conj/Fire      52%          4%          1

Your spell library contained the following spells:

 Spells                   Type           Power        Failure   Level
 Pain                     Necr           52%          4%          1
 Sticky Flame             Conj/Fire      13%          43%         4
 Fireball                 Conj/Fire      6%           80%         5


Dungeon Overview and Level Annotations

Branches:
Dungeon (8/15)             Temple (0/1) D:4
   Lair: D:8-11

Altars:
Ashenzari
Elyvilon
Gozag
Makhleb
Trog
Uskayaw
Wu Jian
Xom
The Shining One

Annotations:
D:6 Menkaure
D:8 4 runed translucent doors


Innate Abilities, Weirdness & Mutations

Your experience applies equally to all skills.
You have very sharp teeth.
Your uncanny sense of smell can sniff out nearby items.
You have large cloven feet.
You have a pair of horns on your head.
You are surrounded by a mild repulsion field. (EV +2)
You are partially covered in icy blue scales. (AC +2)
You are partially covered in slimy green scales. (AC +2)
You have supernaturally acute eyesight. (SInv)
You possess an exceptional clarity of mind.
You are somewhat resistant to further mutation.
Your system is resistant to poisons. (rPois)
You are robust. (+10% HP)


Message History

Okay, then.
Reach: b) +2 spear (venom)
Press: ? - help, Dir - move target, f - jelly
Aim: a jelly You hit the jelly.
Your hands burn!
The jelly is moderately wounded.
The jelly hits you but does no damage.
Unknown command.
You puncture the jelly!
The jelly is poisoned.
Your hands burn!
You kick the jelly.
You kill the jelly!
Unknown command.
u - 2 scrolls of remove curse (gained 1)
You now have 332 gold pieces (gained 9).
Things that are here:
a +3 shortbow; 6 arrows Drop what? 25/52 slots (_ for help) (? for menu, Esc to quit)
Okay, then.
Unknown command.
Are you sure you want to abandon this character and quit the game? (Confirm with "yes".)

.......)(.....................
........†##......#............
.......†.........##..........#
.........##......#...........#
..........#...)..##...........
......#...#.....###.......###.
......##.........#.......###
.....###....................
......##.......(@.(.(.(.#..
.....###.........(......##.
......##....)....#..##.##
.................#.....#
.........#.......#.<....
.........#...............#
........#.................
........##................#
.........#.....#..........


There were no monsters in sight!

Vanquished Creatures
  Grinder (D:5)
  An ice beast (D:6)
  An ogre (D:3)
  4 centaurs
  A big kobold (D:7)
  The ghost of Ekaitz the Digger, an amateur DEEE (D:4)
  2 bullfrogs (D:7)
  A scorpion (D:8)
  6 killer bees (D:7)
  A bullfrog zombie (D:5)
  3 hounds
  A jelly (D:7)
  A quasit (D:7)
  5 worker ants
  7 adders
  A white imp (D:6)
  An ooze (D:2)
  3 worms
  3 dart slugs
  7 leopard geckos
  An orc (D:4)
  3 giant cockroaches
  8 goblins
  7 hobgoblins
  9 jackals
  16 kobolds
  2 ball pythons (D:3)
  6 bats
  8 frilled lizards
  A jackal zombie (D:7)
  5 rats
117 creatures vanquished.

Vanquished Creatures (others)
  A killer bee (D:7)
  A quokka skeleton (D:5)
  39 foxfires
41 creatures vanquished.

Grand Total: 158 creatures vanquished

Notes
Turn   | Place    | Note
-------+----------+-------------------------------------------
     0 | D:1      | worthlessgem the Gnoll Chaos Knight began the quest for the
                  | Orb.
     0 | D:1      | Reached XP level 1. HP: 23/23 MP: 1/1
   166 | D:1      | XOM: silly message
   213 | D:1      | XOM: divination: magic mapping
   271 | D:1      | Reached XP level 2. HP: 29/29 MP: 2/2
   624 | D:1      | XOM: 2-stop teleportation journey
  1154 | D:2      | Found a broken altar of Ashenzari.
  1176 | D:2      | Reached XP level 3. HP: 35/35 MP: 3/3
  1273 | D:2      | XOM: 8-stop teleportation journey
  1367 | D:2      | Reached skill level 1 in Invocations
  1428 | D:2      | Reached skill level 1 in Short Blades
  1428 | D:2      | Reached skill level 1 in Long Blades
  1428 | D:2      | Reached skill level 1 in Maces & Flails
  1428 | D:2      | Reached skill level 1 in Polearms
  1428 | D:2      | Reached skill level 1 in Staves
  1428 | D:2      | Reached skill level 1 in Slings
  1428 | D:2      | Reached skill level 1 in Bows
  1428 | D:2      | Reached skill level 1 in Crossbows
  1428 | D:2      | Reached skill level 1 in Throwing
  1428 | D:2      | Reached skill level 1 in Stealth
  1428 | D:2      | Reached skill level 1 in Shields
  1428 | D:2      | Reached skill level 1 in Unarmed Combat
  1428 | D:2      | Reached skill level 1 in Spellcasting
  1428 | D:2      | Reached skill level 1 in Evocations
  1520 | D:2      | XOM: god gift: 28 gold pieces
  1522 | D:2      | XOM: butterfly on damage
  1547 | D:2      | Reached XP level 4. HP: 31/41 MP: 5/5
  1813 | D:2      | XOM: scenery: create altars
  1816 | D:2      | XOM: god gift: great sword {god gift}
  2057 | D:2      | XOM: scenery: 3 doors close
  2172 | D:2      | Reached skill level 1 in Conjurations
  2172 | D:2      | Reached skill level 1 in Hexes
  2172 | D:2      | Reached skill level 1 in Summonings
  2172 | D:2      | Reached skill level 1 in Necromancy
  2172 | D:2      | Reached skill level 1 in Translocations
  2172 | D:2      | Reached skill level 1 in Transmutations
  2172 | D:2      | Reached skill level 1 in Fire Magic
  2172 | D:2      | Reached skill level 1 in Ice Magic
  2172 | D:2      | Reached skill level 1 in Air Magic
  2172 | D:2      | Reached skill level 1 in Earth Magic
  2172 | D:2      | Reached skill level 1 in Poison Magic
  2201 | D:2      | XOM: scenery: create altars
  2345 | D:2      | XOM: give mutations
  2345 | D:2      | Gained mutation: Scrolls take you a little longer to read.
                  | [Xom's mischief]
  2345 | D:2      | Gained mutation: You are partially covered in slimy green
                  | scales. (AC +2) [Xom's mischief]
  2345 | D:2      | Gained mutation: Your body sometimes deteriorates upon
                  | taking damage. [Xom's mischief]
  2386 | D:2      | XOM: cloud trail
  2665 | D:3      | XOM: 3-stop teleportation journey
  2690 | D:3      | Reached XP level 5. HP: 34/47 MP: 5/7
  2691 | D:3      | XOM: enchant monster (good)
  2893 | D:3      | XOM: 4-stop teleportation journey
  2894 | D:3      | Noticed an ogre
  2904 | D:3      | Killed an ogre
  3239 | D:4      | Reached XP level 6. HP: 53/53 MP: 8/8
  3319 | D:4      | Found an opulent altar of Gozag.
  3321 | D:4      | Found a glowing golden altar of the Shining One.
  3322 | D:4      | Found a white marble altar of Elyvilon.
  3322 | D:4      | Found a hide-covered altar of Uskayaw.
  3325 | D:4      | Found an ornate altar of the Wu Jian Council.
  3424 | D:4      | Found a runed translucent door.
  3426 | D:4      | Noticed Ekaitz's ghost (amateur DEEE)
  3571 | D:4      | Found a staircase to the Ecumenical Temple.
  3787 | D:4      | XOM: fog
  3792 | D:4      | Killed Ekaitz's ghost
  3793 | D:4      | Reached skill level 5 in Armour
  3806 | D:5      | Entered Level 5 of the Dungeon
  3813 | D:5      | Noticed Grinder
  3815 | D:5      | XOM: 5-stop teleportation journey
  3892 | D:5      | Reached XP level 7. HP: 43/59 MP: 7/10
  3993 | D:5      | Lost mutation: Your body sometimes deteriorates upon taking
                  | damage. [potion of mutation]
  3993 | D:5      | Lost mutation: Scrolls take you a little longer to read.
                  | [potion of mutation]
  3993 | D:5      | Gained mutation: Your system is resistant to poisons.
                  | (rPois) [potion of mutation]
  3993 | D:5      | Gained mutation: You have supernaturally acute eyesight.
                  | (SInv) [potion of mutation]
  3993 | D:5      | Gained mutation: You are somewhat resistant to further
                  | mutation. [potion of mutation]
  4001 | D:5      | XOM: enchant monster (good)
  4031 | D:5      | Killed Grinder
  4080 | D:5      | XOM: give mutations
  4080 | D:5      | Gained mutation: You have a pair of small horns on your
                  | head. [Xom's grace]
  4080 | D:5      | Gained mutation: You possess an exceptional clarity of
                  | mind. [Xom's grace]
  4080 | D:5      | Gained mutation: You have large cloven feet. [Xom's grace]
  4080 | D:5      | Gained mutation: You have a pair of horns on your head.
                  | [Xom's grace]
  4327 | D:5      | Identified the Almanac of Excruciating Evil Secrets
  4340 | D:5      | Learned a level 1 spell: Foxfire
  4386 | D:5      | Found a burning altar of Makhleb.
  4563 | D:5      | XOM: give mutations
  4563 | D:5      | Gained mutation: You are robust. (+10% HP) [Xom's grace]
  4563 | D:5      | Gained mutation: You are surrounded by a mild repulsion
                  | field. (EV +2) [Xom's grace]
  4563 | D:5      | Gained mutation: You are partially covered in icy blue
                  | scales. (AC +2) [Xom's grace]
  4828 | D:5      | XOM: god gift: 27 stones
  4933 | D:6      | Got an ichor-stained robe
  4944 | D:6      | Identified the +3 robe of Indemnity {Dex+3 SInv} (You found
                  | it on level 6 of the Dungeon)
  4948 | D:6      | Upgraded the game from 0.26.1-11-gd32895ea62 to
                  | 0.26.1-12-g5ba1501909
  4991 | D:6      | Noticed Menkaure
  4993 | D:6      | XOM: butterfly on damage
  5187 | D:7      | Reached XP level 8. HP: 68/73 MP: 10/12
  5272 | D:7      | XOM: polymorph orc -> frilled lizard
  5465 | D:7      | Found a bloodstained altar of Trog.
  5532 | D:8      | Found a large runed translucent door.
  5532 | D:8      | Found a large runed translucent door.
  5534 | D:8      | Found a large runed translucent door.
  5534 | D:8      | Found a large runed translucent door.
  5538 | D:8      | XOM: divination: magic mapping
  5645 | D:6      | XOM: polymorph scorpion -> hound
  5692 | D:3      | XOM: god gift: 19 stones
  5869 | D:7      | XOM: scenery: summon butterflies
  6064 | D:7      | XOM: enchant monster (good)
  6096 | D:7      | Reached XP level 9. HP: 74/79 MP: 11/14
  6101 | D:7      | Quit the game

Illustrated notes

Levels and vault maps discovered:
D:1:      ncdulo_wetmaze, layout_loops_corners, minmay_distorted
D:2:      layout_basic, nicolae_ashenzari_panopticon
D:3:      layout_basic, minmay_crystal_room
D:4:      layout_rooms, grunt_temple_overflow_open, lemuel_temple_firewalk_b,
          ebering_ghost_reflecting_pool, kennysheep_generic_room_6
D:5:      layout_loops_corners, basic_altar, serial_park_tiny_1,
          lemuel_flamethrower_2, uniq_grinder
D:6:      layout_basic, kennysheep_little_box, serial_shops, shop_fountains,
          uniq_menkaure
D:7:      layout_cave_pools, trog_hazing_becter
D:8:      layout_basic, minmay_hollow_rounded_squares

Skill      XL: |  1  2  3  4  5  6  7  8 |
---------------+-------------------------+-----
Invocations    | 1 2 3 4 |  4.1
Short Blades   | 1 2 3 |  3.8
Long Blades    | 1 2 3 |  3.8
Maces & Flails | 1 2 3 |  3.8
Polearms       | 1 2 3 |  3.8
Staves         | 1 2 3 |  3.8
Slings         | 1 2 3 |  3.8
Bows           | 1 2 3 |  3.8
Crossbows      | 1 2 3 |  3.8
Throwing       | 1 2 3 |  3.8
Stealth        | 1 2 3 |  3.8
Shields        | 1 2 3 |  3.8
Unarmed Combat | 1 2 3 |  3.8
Spellcasting   | 1 2 3 |  3.8
Evocations     | 1 2 3 |  3.8
Conjurations   | 1 2 3 |  3.1
Hexes          | 1 2 3 |  3.1
Summonings     | 1 2 3 |  3.1
Necromancy     | 1 2 3 |  3.1
Translocations | 1 2 3 |  3.1
Transmutations | 1 2 3 |  3.1
Fire Magic     | 1 2 3 |  3.1
Ice Magic      | 1 2 3 |  3.1
Air Magic      | 1 2 3 |  3.1
Earth Magic    | 1 2 3 |  3.1
Poison Magic   | 1 2 3 |  3.1
Dodging        | 3 4 |  4.6
Armour         | 5 6 |  6.0
Fighting       | 7 |  7.6
Axes           | 7 |  7.6

Action                   |  1- 3 |  4- 6 |  7- 9 || total
-------------------------+-------+-------+-------++-------
Melee: Hand axe          |    69 |    68 |   107 ||   244
       Bite              |     4 |    10 |    12 ||    26
       Great sword       |       |    32 |       ||    32
       Short sword       |       |    27 |       ||    27
       Spear             |       |    12 |    15 ||    27
       Kick              |       |       |    28 ||    28
       Headbutt          |       |       |    16 ||    16
 Fire: Hunting sling     |     8 |     4 |     3 ||    15
Throw: Stone             |     3 |    12 |       ||    15
 Cast: Foxfire           |       |       |    22 ||    22
  Use: Scroll            |       |     1 |     9 ||    10
       Potion            |       |     1 |     4 ||     5
 Stab: Sleeping          |     1 |     5 |     2 ||     8
       Petrifying        |       |     1 |       ||     1
Armor: Leather armour    |    20 |    42 |     4 ||    66
       Skin              |       |       |    17 ||    17
       Robe              |       |       |    14 ||    14
Dodge: Dodged            |    28 |    96 |    94 ||   218
Block: Kite shield       |    33 |    16 |       ||    49
       Buckler           |       |       |    34 ||    34
       Rpst.: Great sword |       |     6 |       ||     6
